 Dungeon Crawl Stone Soup version 0.29-a0-297-g7659ce593d (webtiles) character file.

Game seed: 2719433738977852829

67 Dabor the Skirmisher (level 4, -1/49 HPs)
             Began as a Formicid Abyssal Knight on Mar 21, 2022.
             Was a Believer of Lugonu.
             Slain by a hound (4 damage)
             ... on level 3 of the Dungeon.
             The game lasted 00:02:34 (2394 turns).

Dabor the Skirmisher (Formicid Abyssal Knight)      Turns: 2394, Time: 00:02:35

Health: -1/49      AC: 22    Str: 19    XL:     4   Next: 38%
Magic:  1/6        EV:  2    Int: 10    God:    Lugonu [**....]
Gold:   56         SH:  0    Dex: 13    Spells: 3/3 levels left

rFire   + . .      SeeInvis .   a - +1 spear
rCold   + . .      Faith    .   (no shield)
rNeg    . . .      Spirit   .   (body armour currently unavailable)
rPois   +          Reflect  .   (helmet unavailable)
rElec   +          Harm     .   (cloak currently unavailable)
rCorr   +          Rampage  .   (gloves currently unavailable)
Will    +....                   (boots currently unavailable)
Stlth   +.........              (no amulet)
HPRegen 0.16/turn               d - ring of willpower
MPRegen 0.10/turn               (no ring)

@: tree-form, resistant
A: stationary, stasis, torment immunity, boosted hp, permanent stasis, dig
shafts and tunnels, (antennae 3), four strong arms, agile 1, deterioration 1,
frail 1
a: Renounce Religion, Depart the Abyss, Bend Space


You were on level 3 of the Dungeon.
You worshipped Lugonu.
Lugonu was pleased with you.
You were a tree.
You visited 1 branch of the dungeon, and saw 3 of its levels.
You visited the Abyss 1 time.

You collected 56 gold pieces.

Inventory:

Hand Weapons
 a - a +1 spear (weapon)
Missiles
 j - 2 javelins (quivered)
Armour
 f - a +0 chain mail
 l - a +0 pair of gloves (melded)
 r - a +2 ring mail of cold resistance (melded)
Jewellery
 d - a ring of willpower (left branch)
 q - a +6 ring of intelligence
Wands
 g - a wand of acid (7)
 o - a wand of iceblast (1)
Scrolls
 c - a scroll of teleportation
 n - a scroll of amnesia {unknown}
 p - a scroll of immolation {unknown}
Potions
 k - a potion of flight


   Skills:
 + Level 3.7 Fighting
 + Level 2.6 Polearms
 + Level 2.8 Armour
 + Level 1.6 Dodging
 + Level 3.0 Invocations


You had 3 spell levels left.
You didn't know any spells.
Your spell library contained the following spells:

 Spells                   Type           Power      Damage    Failure   Level
 Animate Skeleton         Necr           0%         N/A       36%         1
 Apportation              Tloc           0%         N/A       36%         1
 Summon Small Mammal      Summ           0%         N/A       36%         1
 Ensorcelled Hibernation  Hex/Ice        0%         N/A       50%         2
 Spider Form              Tmut/Pois      0%         N/A       75%         3
 Anguish                  Hex/Necr       0%         N/A       98%         4


Dungeon Overview and Level Annotations

Branches:
Dungeon (3/15)

Altars:

Annotations:
D:3 Natasha


Innate Abilities, Weirdness & Mutations

You are a tree.
Your roots penetrate the ground, keeping you stationary.
You cannot be teleported.
You are immune to unholy pain and torment.
Your maximum health is greatly increased.
Your equipment is partially melded.
You cannot be hasted, slowed, berserked, paralysed or teleported.
You can dig through walls and to a lower floor.
((You have a pair of large antennae on your head. (SInv)))
Your four strong arms can wield two-handed weapons with a shield.
You are agile. (Dex +2)
Your body sometimes deteriorates upon taking damage.
You are frail. (-10% HP)


Message History

Space bends around you!
You blink.
The hound bites you but does no damage.
The white imp hits you but does no damage.
You hit the hound but do no damage.
The hound is moderately wounded.
The hound misses you.
Natasha mumbles some strange words.
The white imp gestures at you. The puff of frost hits you. You resist.
You closely miss the hound.
The hound is moderately wounded.
The hound closely misses you.
Natasha zaps a wand.
Some rock shatters into small pieces.
The hound bites you. The white imp closely misses you. Space bends around you!
You blink.
The shadow imp closely misses you. Space bends around you!
You blink.
The hound barely misses you. Natasha closely misses you. The hound bites you.
* * * LOW HITPOINT WARNING * * *
The crimson imp blinks!
The shadow imp gestures at you. You resist with some effort.
The white imp laughs crazily.
The white imp hits you but does no damage.
Space bends around you!
You blink.
The white imp disappears in a puff of smoke!
Natasha casts a spell at you. You resist with almost no effort.
The shadow imp closely misses you.
It was a potion of lignification.
You turn into a tree.
Your +0 pair of gloves melds into your body.
Your +2 ring mail of cold resistance melds into your body.
You feel less resistant to cold.
Your roots penetrate the ground.
The hound bites you but does no damage. Natasha claws you.
* * * LOW HITPOINT WARNING * * *
The hound bites you but does no damage. The shadow imp hits you.
* * * LOW HITPOINT WARNING * * *
Space bends around you!
You blink.
Natasha mumbles some strange words.
The crimson imp blinks!
You hit the hound.
The hound is heavily wounded.
The hound bites you but does no damage. The hound bites you.
You die...

.#.#...#.# .#.##.# .#.##..#.#
###.....####### .#.##..#.#
##.............. .#.#...#.#
#....(.......... .#.#..##.##
#.............. . .#.#......#
#.###§§§......... .#.#.###..#
#§§§#.##..... ...#...#..#
##§§§..†...... .#.#...#..#.#
##♣.###5...§...
.#.....#..#...#.h5§##........
.#...#.#......5.h§#§#.?......
.....#.#..#.§§§§.5# .........
##.....#..#...##### ###......
......## #..# ...... #####.#
#.# ...... ....#.# #.#
###.#.#####.#


You could see a hound, Natasha, a crimson imp (summoned), a white imp (summoned)
and a shadow imp (summoned).

Vanquished Creatures
  2 adders
  2 worms (D:2)
  A dart slug (D:1)
  5 ball pythons
  4 bats
  4 endoplasms
  A giant cockroach (D:2)
  4 goblins
  A hobgoblin (D:1)
  4 jackals (D:1)
  2 kobolds (D:1)
  A quokka (D:1)
  2 frilled lizards
  4 rats
37 creatures vanquished.

Notes
Turn   | Place    | Note
-------+----------+-------------------------------------------
     0 | Abyss:1  | Dabor the Formicid Abyssal Knight began the quest for the
                  | Orb.
     0 | Abyss:1  | Reached XP level 1. HP: 18/18 MP: 2/2
     0 | D:1      | Escaped the Abyss
    42 | D:1      | Reached skill level 1 in Dodging
   136 | D:1      | Reached XP level 2. HP: 13/24 MP: 3/3
   415 | D:1      | Found a faded altar of an unknown god.
   853 | D:1      | Reached XP level 3. HP: 27/29 MP: 4/4
  1424 | D:2      | Reached XP level 4. HP: 10/37 MP: 6/6
  2359 | D:3      | Noticed Natasha
  2382 | D:3      | Gained mutation: You are frail. (-10% HP) [potion of
                  | mutation]
  2382 | D:3      | Gained mutation: Your body sometimes deteriorates upon
                  | taking damage. [potion of mutation]
  2382 | D:3      | Gained mutation: You are agile. (Dex +2) [potion of
                  | mutation]
  2394 | D:3      | Slain by a hound

Illustrated notes

Levels and vault maps discovered:
D:1:      scummos_arrival_simple_crosswalls, layout_basic,
          chequers_ecumenical_altar_grove, nrook_campfire, kennysheep_doodads
D:2:      layout_basic, nicolae_underground_beach
D:3:      layout_basic, uniq_natasha

Skill      XL: |  1  2  3  4 |
---------------+-------------+-----
Dodging        | 1 |  1.6
Invocations    | 3 |  3.0
Fighting       | |  3.7
Polearms       | |  2.6
Armour         | |  2.8

Action                   |  1- 3 |  4- 6 || total
-------------------------+-------+-------++-------
Melee: Spear             |    81 |    58 ||   139
Throw: Javelin           |       |     2 ||     2
Invok: Depart the Abyss  |     1 |       ||     1
       Bend Space        |       |     5 ||     5
  Use: Potion            |       |     5 ||     5
       Scroll            |       |     2 ||     2
Armor: Leather armour    |    11 |       ||    11
       Chain mail        |     6 |    29 ||    35
       Ring mail         |       |    19 ||    19
       Skin              |       |     3 ||     3
Dodge: Dodged            |    28 |    47 ||    75

Table legend: (Time is in decaauts)
 A = Elapsed time spent in this place.
 B = Non-inter-level travel time spent in this place.
 C = Inter-level travel time spent in this place.
 D = Time resting spent in this place.
 E = Time spent auto-exploring this place.
 F = Levels seen in this place.
 G = Mean time per level.
                   A        B        C        D        E       F      G
               +--------+--------+--------+--------+--------+-----+--------+
         Total |   2392 |   2261 |    131 |    224 |   1689 |   4 |  598.0 |
       Dungeon |   2392 |   2261 |    131 |    224 |   1689 |   3 |  797.3 |
         Abyss |      0 |      0 |      0 |      0 |      0 |   1 |    0.0 |
               +--------+--------+--------+--------+--------+-----+--------+

Top non-repeatable levels by time:
     D:1: 1128 daAuts
     D:2: 956 daAuts
     D:3: 307 daAuts
